Map: Catalyst LE

Players

Florencio - Winner!

  • Race: Protoss Protoss
  • League: Master
  • Spawn Location: 11:00

CharmQuark

  • Race: Protoss Protoss
  • League: Grandmaster
  • Spawn Location: 5:00

VOD

Have the link to the VOD?

Description

Time

  • Played on: Jan. 14, 2018, 8:49 p.m.
  • Length: 3:49
Show
View Real Time Build Order
Export as new Build Order

Florencio Protoss - Winner!

Build Orders: 1 Gate Expand 

Get SALT Encoding   

  12  0:00  Probe (Chrono Boost)  
  13  0:13  Probe (Chrono Boost)  
  14  0:19  Pylon  
  14  0:21  Probe (Chrono Boost)  
  15  0:37  Probe  
  15  0:40  Gateway  
  16  0:52  Gateway  
  16  0:53  Probe  
  17  1:05  Probe  
  17  1:07  Pylon  
  18  1:23  Probe  
  19  1:31  Nexus  
  19  1:39  Pylon  
  19  1:45  Zealot (Chrono Boost)  
  21  1:49  Zealot (Chrono Boost)  
  23  2:03  Cybernetics Core  
  23  2:07  Pylon  
  25  2:15  Zealot (Chrono Boost)  
  25  2:27  Pylon  
  25  2:29  Zealot  
  25  2:30  Zealot  
  29  2:41  Shield Battery  
  29  2:43  Shield Battery  
  29  2:48  Shield Battery  
  29  2:54  Shield Battery  
  29  2:59  Probe  
  30  3:11  Probe  
  27  3:23  Probe  
Show
View Real Time Build Order
Export as new Build Order

CharmQuark Protoss 

Build Orders:  

Get SALT Encoding   

  12  0:01  Probe  
  13  0:14  Probe  
  14  0:18  Pylon  
  14  0:26  Probe  
  15  0:38  Probe  
  16  0:44  Gateway  
  16  0:50  Probe  
  16  0:51  Assimilator  
  17  1:02  Probe  
  18  1:14  Probe  
  19  1:34  Cybernetics Core  
  19  1:40  Probe (Chrono Boost)  
  20  1:49  Nexus, Probe (Chrono Boost)  
  20  1:52  Zealot  
  23  1:56  Pylon  
  23  2:14  Probe  
  24  2:18  Assimilator  
  24  2:20  Stalker (Chrono Boost)  
  26  2:38  Probe  
  26  2:44  Stalker (Chrono Boost)  
  29  2:52  Pylon  
  29  2:53  Probe  
  30  3:00  Gateway  
  30  3:02  Gateway  
Tags
 
Add a new tag
Caveats
  • Supply blocks, unpowered buildings, or Contaminate may cause inaccurate times.
  • Supply counts are checked every 10 seconds.